 Dungeon Crawl Stone Soup version 0.31-a0-810-ga77100ea1a (webtiles) character file.

Game seed: 10993091925378360771

280 dynsetu the Changeling (level 6, 0/64 HPs)
             Began as a Merfolk Shapeshifter on Sept 22, 2023.
             Slain by a killer bee (2 damage)
             ... on level 4 of the Dungeon.
             The game lasted 00:04:28 (3067 turns).

dynsetu the Changeling (Merfolk Shapeshifter)       Turns: 3067, Time: 00:04:28

Health: 0/64       AC: 23    Str: 17    XL:     6   Next: 27%
Magic:  6/6        EV:  2    Int:  9    God:
Gold:   99         SH:  0    Dex: 13    Spells: 5/5 levels left

rFire   . .          .
                       - Unarmed
rCold   . . .        (no shield)
rNeg    . . .        a - melded +0 animal skin
rPois   +            (helmet currently unavailable)
rElec   .            (cloak currently unavailable)
rCorr   .            (gloves currently unavailable)
SInv    .            (boots currently unavailable)
Will    .....        (no amulet)
Stlth   +            (no ring)
HPRegen 0.30/turn    (no ring)
MPRegen 0.10/turn

%: no passive effects
@: tree-form
A: stationary, stasis, torment immunity, boosted hp, (nimble swimmer 2),
(mertail)
a: no special abilities


You were on level 4 of the Dungeon.
You were a tree.
You visited 1 branch of the dungeon, and saw 4 of its levels.

You collected 99 gold pieces.

Inventory:

Missiles
 n - 36 stones
Armour
 a - a +0 animal skin (melded)
Jewellery
 l - a ring of ice
 o - a ring of fire
Talismans
 c - a beast talisman
 d - a flux talisman
Wands
 q - a wand of mindburst (12)
 t - a wand of flame (15)
Scrolls
 f - a scroll of noise {unknown}
 h - a scroll of blinking {unknown}
 j - 2 scrolls of silence {unknown}
 r - a scroll of teleportation {unknown}
 s - a scroll of enchant armour {unknown}
 u - a scroll of identify {unknown}
Potions
 b - a potion of lignification
 e - 2 potions of curing {unknown}
 g - 2 potions of enlightenment {unknown}
 i - a potion of might {unknown}
 k - a potion of haste {unknown}
 m - 2 potions of attraction {unknown}
 p - a potion of mutation {unknown}


   Skills:
 + Level 1.3 Fighting
 + Level 4.4 Dodging
 + Level 0.6 Stealth
 + Level 5.5 Unarmed Combat
 * Level 5.6 Shapeshifting


You had 5 spell levels left.
You didn't know any spells.
Your spell library contained the following spells:

 Spells                   Type           Power      Damage    Failure   Level
 Stone Arrow              Conj/Erth      0%         3d7       77%         3
 Animate Armour           Summ/Erth      0%         N/A       99%         4
 Lehudib's Crystal Spear  Conj/Erth      0%         10d2      100%        8


Dungeon Overview and Level Annotations

Branches:
Dungeon (4/15)
 Temple: D:4-7

Altars:

Shops:
D:3 :

Annotations:
D:3 1 runed translucent door, Crazy Yiuf


Innate Abilities, Weirdness & Mutations

You are a tree.
Your roots penetrate the ground, keeping you stationary.
You cannot be teleported.
You are immune to unholy pain and torment.
Your maximum health is greatly increased.
Your equipment is partially melded.
((You are very nimble when in or above water. (Stealth+, EV+, Speed+++)))
((Your lower body shifts to a powerful aquatic tail in water.))


Message History

A killer bee comes into view.
You see here a +5 ring of evasion. 2 killer bees come into view.
The killer bee buzzes angrily. x3; You hear an angry buzzing noise. x2
A killer bee comes into view. x3
The killer bee moves out of view.
You hear a roar!
The killer bee attacks as it pursues you!
The killer bee stings you. The killer bee stings you!
You are poisoned.
The killer bee poisons you!
The killer bee stings you but does no damage.
You feel sick. The killer bee misses you.
You feel sick.
You feel sick. The killer bee stings you!
You feel sick.
The killer bee attacks as it pursues you!
The killer bee stings you!
Your transformation has ended.
You turn into a tree.
Your +0 animal skin melds into your body.
Your roots penetrate the ground.
You feel sick.
The killer bee stings you but does no damage.
The killer bee stings you.
* * * LOW HITPOINT WARNING * * *
You miss the killer bee.
You feel sick.
You are no longer poisoned.
The killer bee stings you.
* * * LOW HITPOINT WARNING * * *
The killer bee stings you!
* * * LOW HITPOINT WARNING * * *
The killer bee buzzes angrily.
You hit the killer bee.
The killer bee is moderately wounded.
The killer bee stings you but does no damage. x2
You barely miss the killer bee.
The killer bee is moderately wounded.
The killer bee stings you.
You die...

. ###.. #....
###########..#### ##
................. #..
#######...†.###. #..#
########<#####..
#..####yy♣...........#
#....#y###....#######
##=.y.###.####
##...##>...#
#..#.##.#### #.##.##.#
#. #.##.# #. #....# yy
....##


You could see 4 killer bees.

Vanquished Creatures
  A hound (D:2)
  Ijyb (D:3)
  An orc wizard (D:3)
  5 gnolls (D:2)
  7 adders
  4 worms
  2 dart slugs
  4 orcs (D:3)
  11 bats
  6 endoplasms
  A giant cockroach (D:2)
  3 goblins
  5 hobgoblins
  5 jackals (D:1)
  4 quokkas
  3 ball pythons (D:1)
  3 frilled lizards
  6 kobolds
  3 rats
75 creatures vanquished.

Notes
Turn   | Place    | Note
-------+----------+-------------------------------------------
     0 | D:1      | dynsetu the Merfolk Shapeshifter began the quest for the
                  | Orb.
     0 | D:1      | Reached XP level 1. HP: 15/15 MP: 1/1
   132 | D:1      | Reached XP level 2. HP: 19/21 MP: 2/2
   301 | D:1      | Reached XP level 3. HP: 20/26 MP: 3/3
   944 | D:2      | Reached skill level 5 in Shapeshifting
   944 | D:2      | Reached XP level 4. HP: 29/32 MP: 4/4
  1189 | D:2      | Reached XP level 5. HP: 29/37 MP: 5/5
  1452 | D:2      | Reached skill level 5 in Unarmed Combat
  1889 | D:3      | Found Axzuonamapi's Book Emporium.
  2247 | D:3      | Noticed Ijyb
  2268 | D:3      | Killed Ijyb
  2269 | D:3      | Reached XP level 6. HP: 9/43 MP: 6/6
  2717 | D:3      | Found a faded altar of an unknown god.
  2990 | D:3      | Found a runed translucent door.
  2991 | D:3      | Noticed Crazy Yiuf
  3065 | D:4      | HP: 2/64 [killer bee (7)]
  3067 | D:4      | Slain by a killer bee

Illustrated notes

Levels and vault maps discovered:
D:1:      giann_forest_graveyard, layout_rooms
D:2:      layout_loops_ring, serial_rivers, chequers_serial_rivers_small_b,
          chequers_serial_rivers_micro_c, chequers_serial_rivers_large_b,
          chequers_serial_rivers_small_3, chequers_serial_rivers_small_3,
          chequers_serial_rivers_room_a
D:3:      minmay_angry_zag, layout_loops_ring,
          dilly_ecumenical_altar_fadedgnrine, serial_shops,
          nicolae_shop_rolling_square, chequers_serial_rivers_micro_c,
          chequers_serial_rivers_room_a, uniq_crazy_yiuf_cottage, uniq_ijyb
D:4:      layout_rooms, grunt_temple_overflow_diamond, lemuel_round_altar,
          minmay_stone_trees_large

Skill      XL: |  1  2  3  4  5 |
---------------+----------------+-----
Dodging        | 3 4 |  4.4
Unarmed Combat | 4 5 |  5.5
Shapeshifting  | 5 |  5.6
Fighting       | |  1.3
Stealth        | |  0.6

Action                     |  1- 3 |  4- 6 || total
---------------------------+-------+-------++-------
  Melee: Unarmed           |    85 |   153 ||   238
         Punch             |     3 |     7 ||    10
    Use: Potion            |       |     1 ||     1
   Stab: Sleeping          |     1 |       ||     1
 Armour: Animal skin       |    45 |    76 ||   121
         Skin              |       |     7 ||     7
  Dodge: Dodged            |    56 |    97 ||   153

Table legend: (Time is in decaauts)
 A = Elapsed time spent in this place.
 B = Non-inter-level travel time spent in this place.
 C = Inter-level travel time spent in this place.
 D = Time resting spent in this place.
 E = Time spent auto-exploring this place.
 F = Levels seen in this place.
 G = Mean time per level.
                   A        B        C        D        E       F      G
               +--------+--------+--------+--------+--------+-----+--------+
         Total |   2995 |   2924 |     71 |     45 |   2378 |   4 |  748.8 |
       Dungeon |   2995 |   2924 |     71 |     45 |   2378 |   4 |  748.8 |
               +--------+--------+--------+--------+--------+-----+--------+

Top non-repeatable levels by time:
     D:3: 1227 daAuts
     D:2: 1049 daAuts
     D:1: 678 daAuts
     D:4: 39 daAuts
